[Event "Frauenbundesliga 2023-24"]
[Site "Deizisau"]
[Date "2024.03.24"]
[Round "8.7"]
[White "Javakhishvili, Lela"]
[Black "Rogule, Laura"]
[Result "1-0"]
[ECO "D35"]
[WhiteElo "2447"]
[BlackElo "2277"]
[Annotator "TA"]
[PlyCount "59"]
[EventDate "2023.10.09"]
[EventType "team-tourn"]
[EventCountry "GER"]
[SourceTitle "playchess.com"]
[Source "ChessBase"]
[SourceQuality "1"]
[WhiteTeam "SG 1871 Löberitz"]
[BlackTeam "SK Schwäbisch Hall"]
[TimeControl "40/5400+30:1800+30"]

1. d4 d5 2. c4 e6 3. Nc3 Nf6 4. cxd5 exd5 5. Bg5 Be7 6. e3 c6 7. Bd3 Nbd7 8. Nf3 Nh5 9. Bxe7 Qxe7 10. O-O O-O 11. Qb1 Nhf6 12. b4 b6 (12... a5 $11 {should be considered.}) 13. e4 {[%emt 0:12:42] White is slightly better.} dxe4 14. Nxe4 g6 15. Re1 {[%emt 0:07:38] White is more active.} Nxe4 16. Bxe4 Qd6 17. b5 {[%emt 0:13:06] Qc1 would now be deadly.} Bb7 {[%emt 0:00:31] [#]} 18. Ne5 $1 $36 {[%emt 0:01:24][%mdl 2048] Keeping Black busy.} Nxe5 19. dxe5 Qd7 {[%emt 0:09:07] [#] A mistake that costs the game.} (19... Qe6 $16) 20. Qd1 $1 $18 Qe8 21. Qd6 Rd8 22. Qf6 Rd2 23. bxc6 Bc8 24. Rad1 Rxa2 (24... Qd8 25. Bf3 a5) 25. c7 Ra5 26. Bc6 Qe6 27. Rd8 {[%emt 0:01:31] Intending Rxf8+ and mate.} Rxe5 28. Rxf8+ {[%emt 0:00:19] White mates.} Kxf8 29. Qh8+ Ke7 30. Qd8# {[%emt 0:00:12] Weighted Error Value: White=0.04 (flawless) /Black=0.57.  Mistake:       	---       	Black=3      Inaccurate:     	---       	Black=1      OK:         	White=3     	Black=4      Best:        	White=2     	Black=3      Strong:       	White=1     	---        Brilliant:      	White=1     	---} 1-0

[Event "Frauenbundesliga 2023-24"]
[Site "Deizisau"]
[Date "2024.03.24"]
[Round "8.8"]
[White "Berzina, Ilze"]
[Black "Ambartsumova, Karina"]
[Result "1-0"]
[ECO "B40"]
[WhiteElo "2150"]
[BlackElo "2418"]
[Annotator "TA"]
[PlyCount "93"]
[EventDate "2023.10.09"]
[EventType "team-tourn"]
[EventCountry "GER"]
[SourceTitle "playchess.com"]
[Source "ChessBase"]
[SourceQuality "1"]
[WhiteTeam "SG 1871 Löberitz"]
[BlackTeam "SK Schwäbisch Hall"]
[TimeControl "40/5400+30:1800+30"]

1. e4 c5 2. Nf3 e6 3. g3 Nc6 4. Bg2 Nf6 5. Qe2 e5 6. O-O Be7 7. d3 h6 8. c3 {[%emt 0:05:16] White has an edge.} O-O 9. Na3 Re8 10. Nc4 Bf8 11. Ne3 d5 12. exd5 Nxd5 13. Nxd5 Qxd5 14. Nd2 Qd8 15. Nc4 Bf5 16. Rd1 Qd7 17. Ne3 Be6 18. b3 g6 19. Ba3 Rad8 20. Qf3 f5 21. h3 Qf7 22. Qe2 Qf6 23. Re1 {[%emt 0:01:49] [#]} (23. Rd2 $15) 23... Bf7 (23... c4 $1 $17 24. d4 Bxa3) 24. Rad1 $11 b5 25. Qf3 Rc8 (25... e4 {seems wilder.} 26. dxe4 Qxc3 27. exf5 Nd4) 26. Bb2 Bg7 27. Nd5 Qd6 28. Ne3 Ne7 29. h4 h5 30. Qe2 a6 31. Nf1 Rcd8 32. Nh2 Nc6 33. Nf3 Re7 34. Ng5 Be8 35. a3 Bf6 36. b4 Bd7 {[%emt 0:00:50] [#]} (36... Bxg5 $11 {keeps the balance.} 37. hxg5 a5) 37. Qe3 {[%emt 0:00:48] White is more active.} ({White should try} 37. Bc1 $1 $16) 37... cxb4 $14 38. axb4 Nb8 39. c4 {[%emt 0:01:02] Strongly threatening c5.} Qxb4 {[%emt 0:00:33][%mdl 8192] Loses the game.} (39... Bc6 $1 $14) 40. Qb6 $1 $18 {[%emt 0:00:34][%csl LRd8,LRf6] White is clearly winning.} Kg7 41. Qxd8 Re8 42. Qc7 Qxb2 43. cxb5 axb5 44. Rb1 Qa2 (44... Qd4 $142 45. Rxb5 Bxg5 46. hxg5 (46. Rxb8 Rxb8 47. Qxb8 Bf6 $18) 46... Na6) 45. Rxb5 Rc8 46. Qb7 e4 47. Rd5 {[%emt 0:00:00] Weighted Error Value: White=0.15 (very precise) /Black=0.43.  Loses game:     	---       	Black=1      Mistake:       	White=2     	Black=3      Inaccurate:     	White=5     	Black=3      OK:         	White=18    	Black=12     Best:        	White=2     	Black=2} 1-0

[Event "Frauenbundesliga 2023-24"]
[Site "Deizisau"]
[Date "2024.03.24"]
[Round "8.9"]
[White "Milliet, Sophie"]
[Black "Endress, Anna"]
[Result "1-0"]
[ECO "E05"]
[WhiteElo "2386"]
[BlackElo "2094"]
[Annotator "RC"]
[PlyCount "77"]
[EventDate "2023.10.09"]
[EventType "team-tourn"]
[EventCountry "GER"]
[SourceTitle "playchess.com"]
[Source "ChessBase"]
[SourceQuality "1"]
[WhiteTeam "SK Schwäbisch Hall"]
[BlackTeam "SG 1871 Löberitz"]
[TimeControl "40/5400+30:1800+30"]

1. d4 d5 2. c4 e6 3. Nf3 Nf6 4. g3 Be7 5. Bg2 O-O 6. O-O dxc4 7. Qc2 a6 8. a4 Nc6 9. Qxc4 Qd5 10. Qd3 Nb4 11. Qd1 c5 12. Nc3 Qd8 13. Bf4 Nbd5 14. Nxd5 Nxd5 15. dxc5 Bxc5 16. Qc2 Qe7 17. Ng5 f5 18. Rfd1 h6 19. Nxe6 Bxe6 20. Bxd5 Rac8 21. Qb3 Bxd5 22. Rxd5 Kh8 23. Re5 Qf6 24. Rd1 b6 25. Rd7 Rcd8 26. Qd5 Rxd7 27. Qxd7 Qd6 28. Rd5 Qxd7 29. Rxd7 Re8 30. Kf1 Re4 31. b3 Rb4 32. Rd3 g5 33. Bd2 Re4 34. Rd5 f4 35. gxf4 gxf4 36. f3 Re6 37. Bxf4 Rg6 38. Bg3 Re6 39. e4 1-0

[Event "Frauenbundesliga 2023-24"]
[Site "Deizisau"]
[Date "2024.03.24"]
[Round "8.10"]
[White "Ter-Avetisjana, Agnesa Stepania"]
[Black "Melia, Salome"]
[Result "1-0"]
[ECO "D05"]
[WhiteElo "2114"]
[BlackElo "2337"]
[Annotator "RC"]
[PlyCount "129"]
[EventDate "2023.10.09"]
[EventType "team-tourn"]
[EventCountry "GER"]
[SourceTitle "playchess.com"]
[Source "ChessBase"]
[SourceQuality "1"]
[WhiteTeam "SG 1871 Löberitz"]
[BlackTeam "SK Schwäbisch Hall"]
[TimeControl "40/5400+30:1800+30"]

1. d4 Nf6 2. Nf3 e6 3. e3 b6 4. Bd3 Bb7 5. O-O d5 6. b3 Bd6 7. Bb2 O-O 8. Ne5 c5 9. f4 cxd4 10. exd4 Ne4 11. Qe2 f6 12. Nc4 Bc7 13. Nbd2 b5 14. Nxe4 dxe4 15. Bxe4 Bxe4 16. Qxe4 Qd5 17. Qxd5 exd5 18. Ne3 Rd8 19. c3 Nc6 20. Ba3 Rd7 21. Bc5 Re8 22. Rae1 Kf7 23. Nc2 Rxe1 24. Nxe1 Rd8 25. g3 Re8 26. Kf2 h5 27. Nd3 a5 28. Re1 Rxe1 29. Nxe1 Ke6 30. Kf3 g5 31. Ng2 g4+ 32. Ke2 f5 33. Ne3 Nb8 34. c4 bxc4 35. bxc4 dxc4 36. d5+ Kf6 37. Bd4+ Ke7 38. Nxf5+ Kd7 39. Ne3 Na6 40. a3 a4 41. Nxc4 Bd6 42. Ke3 Nc7 43. Nxd6 Nxd5+ 44. Ke4 Kxd6 45. Be5+ Kc6 46. f5 Nb6 47. f6 Kd7 48. Kf5 Nc4 49. Bc3 Nd6+ 50. Kg6 Ke6 51. Bb4 Nf7 52. Be7 Ne5+ 53. Kxh5 Kf5 54. Kh6 Nf7+ 55. Kg7 Ke6 56. Kg6 Ne5+ 57. Kg5 Nf3+ 58. Kxg4 Nxh2+ 59. Kf4 Nf1 60. g4 Nd2 61. g5 Nc4 62. g6 Nb6 63. g7 Kf7 64. Ke5 Nc4+ 65. Kd4 1-0

[Event "Frauenbundesliga 2023-24"]
[Site "Deizisau"]
[Date "2024.03.24"]
[Round "8.11"]
[White "Daulyte-Cornette, Deimante"]
[Black "Giebel, Christine"]
[Result "1-0"]
[ECO "C13"]
[WhiteElo "2375"]
[BlackElo "1877"]
[Annotator "RC"]
[PlyCount "61"]
[EventDate "2023.10.09"]
[EventType "team-tourn"]
[EventCountry "GER"]
[SourceTitle "playchess.com"]
[Source "ChessBase"]
[SourceQuality "1"]
[WhiteTeam "SK Schwäbisch Hall"]
[BlackTeam "SG 1871 Löberitz"]
[TimeControl "40/5400+30:1800+30"]

1. e4 e6 2. d4 d5 3. Nc3 Nf6 4. Bg5 dxe4 5. Nxe4 Be7 6. Bxf6 gxf6 7. Qd2 f5 8. Nc3 Nd7 9. g3 Nf6 10. Bg2 c6 11. O-O-O Qa5 12. Kb1 Bd7 13. Nf3 h5 14. Ne5 Qc7 15. Rhe1 Nd5 16. Nxd5 cxd5 17. c4 dxc4 18. d5 Bf6 19. Nxd7 Qxd7 20. Qc2 Qb5 21. dxe6 O-O 22. exf7+ Kxf7 23. Bd5+ Kg6 24. Bxc4 Qb4 25. a3 Qa5 26. h3 Rac8 27. g4 Rfd8 28. gxf5+ Kh7 29. Qe2 Rxc4 30. Qxh5+ Kg7 31. Qg6+ 1-0

[Event "Frauenbundesliga 2023-24"]
[Site "Deizisau"]
[Date "2024.03.24"]
[Round "8.12"]
[White "Schuster, Rebekka"]
[Black "Papp, Petra"]
[Result "0-1"]
[ECO "B50"]
[WhiteElo "1879"]
[BlackElo "2267"]
[Annotator "RC"]
[PlyCount "72"]
[EventDate "2023.10.09"]
[EventType "team-tourn"]
[EventCountry "GER"]
[SourceTitle "playchess.com"]
[Source "ChessBase"]
[SourceQuality "1"]
[WhiteTeam "SG 1871 Löberitz"]
[BlackTeam "SK Schwäbisch Hall"]
[TimeControl "40/5400+30:1800+30"]

1. e4 c5 2. Nf3 d6 3. Bc4 Nf6 4. d3 Nc6 5. c3 g6 6. O-O Bg7 7. Bb3 O-O 8. Re1 e5 9. Nbd2 h6 10. Nf1 d5 11. exd5 Nxd5 12. Ne3 Be6 13. Nc4 Qc7 14. Qe2 Nf4 15. Qe3 Rfe8 16. Bc2 b6 17. Bd2 Rad8 18. Rad1 Bg4 19. h3 Bf5 20. Bc1 g5 21. h4 g4 22. Nh2 b5 23. Na3 Qb7 24. Qg3 Nh5 25. Qe3 Qe7 26. Nxb5 c4 27. Na3 cxd3 28. Bxd3 e4 29. Bb5 Rc8 30. g3 Qb7 31. Be2 Ne5 32. Nb5 Bf8 33. Nd6 Qd7 34. Nxe8 Qxe8 35. Qxa7 Nxg3 36. fxg3 Bc5+ 0-1